[Event "November 21 Early 2023"]
[Site "https://www.chess.com"]
[Date "2023.11.21"]
[Round "4"]
[White "Tikhonov, Viacheslav"]
[Black "Materia, Marco"]
[Result "0-1"]
[Board "70"]
[TimeControl "180+1"]
[WhiteFideId "44196407"]
[BlackFideId "45150451"]
[WhiteElo "2191"]
[BlackElo "2451"]
[WhiteTeam "RUS"]
[BlackTeam "FRA"]
[WhiteClock "0:00:00"]
[BlackClock "0:01:20"]

1. e4 c5 2. Nf3 e6 3. b3 Nc6 4. Bb2 d6 5. d4 cxd4 6. Nxd4 Nf6 7. Bd3 Be7 8. c4 Ne5 9. Bc2 Ng6 10. O-O O-O 11. Nc3 a6 12. Qe2 Qa5 13. Kh1 Bd7 14. f4 Rac8 15. a4 Qh5 16. Qxh5 Nxh5 17. f5 Ne5 18. fxe6 fxe6 19. a5 Nf6 20. h3 Nc6 21. Nxc6 Bxc6 22. Rae1 Nh5 23. Kh2 Bh4 24. Rd1 Bg3+ 25. Kg1 Be5 26. Na4 Bxa4 27. Bxe5 dxe5 28. bxa4 Ng3 29. Rxf8+ Rxf8 30. Rd7 h5 31. h4 Rf4 32. Rxb7 Ne2+ 0-1

[Event "November 21 Early 2023"]
[Site "https://www.chess.com"]
[Date "2023.11.21"]
[Round "4"]
[White "Kovalyov_Eduard"]
[Black "Skvortsov, Andrei"]
[Result "0-1"]
[Board "71"]
[TimeControl "180+1"]
[BlackFideId "24108600"]
[WhiteElo "2550"]
[BlackElo "2357"]
[BlackTeam "MNE"]
[WhiteClock "0:01:07"]
[BlackClock "0:01:59"]

1. Nf3 g6 2. g3 Bg7 3. Bg2 e5 4. O-O d5 5. d3 Ne7 6. Nc3 O-O 7. e4 c6 8. a4 h6 9. h3 Nd7 10. Qe2 d4 11. Nb1 a5 12. Na3 Nc5 13. b3 Qc7 14. Nd2 f5 15. f4 fxe4 16. dxe4 exf4 17. Qc4+ Ne6 18. gxf4 Rxf4 19. Bb2 Kh7 20. Rae1 b6 21. Qd3 Ba6 22. Nac4 Nc5 23. Qg3 Rxf1+ 24. Nxf1 Qxg3 25. Nxg3 Bxc4 26. bxc4 Nxa4 27. Ba3 c5 28. e5 Rf8 29. Bc1 Nc3 30. e6 Bf6 31. Ne4 Bh4 32. Rf1 Ne2+ 33. Kh2 Rxf1 34. Bxf1 Nxc1 35. Nd6 Na2 36. Nb5 Nc3 37. Na3 Kg7 38. Bd3 Kf6 39. Kg2 Kxe6 40. Kf3 Ke5 41. Kg4 Bf6 42. Kf3 h5 0-1

[Event "November 21 Early 2023"]
[Site "https://www.chess.com"]
[Date "2023.11.21"]
[Round "4"]
[White "Gavrilov, Maxim"]
[Black "Fier, Alexandr"]
[Result "0-1"]
[Board "72"]
[TimeControl "180+1"]
[WhiteFideId "24271454"]
[BlackFideId "2107139"]
[WhiteElo "2157"]
[BlackElo "2578"]
[WhiteTeam "RUS"]
[BlackTeam "BRA"]
[WhiteClock "0:00:10"]
[BlackClock "0:02:04"]

1. d4 Nf6 2. c4 c5 3. d5 g6 4. Nc3 Bg7 5. e4 d6 6. Bd3 O-O 7. h3 e6 8. Nf3 Nbd7 9. O-O e5 10. Be3 h6 11. Qd2 Kh7 12. Rab1 Nh5 13. a3 Nf4 14. Bxf4 exf4 15. Qxf4 Ne5 16. Nxe5 Bxe5 17. Qd2 Qh4 18. Ne2 f5 19. f4 Bg7 20. exf5 gxf5 21. Kh2 Bd7 22. Ng1 Rg8 23. Nf3 Qh5 24. g4 Qf7 25. Nh4 Bf6 26. Bxf5+ Kh8 27. Bxd7 Qxd7 28. Nf5 h5 29. Rg1 Raf8 30. Rbe1 Bd8 31. Re6 Rf6 32. Rge1 hxg4 33. hxg4 Rxg4 34. Re8+ Kh7 35. R8e7+ Bxe7 36. Rxe7+ Qxe7 37. Nxe7 Rh6# 0-1

[Event "November 21 Early 2023"]
[Site "https://www.chess.com"]
[Date "2023.11.21"]
[Round "4"]
[White "Hulka, Valentyn"]
[Black "NovoselovRoman"]
[Result "1-0"]
[Board "73"]
[TimeControl "180+1"]
[WhiteFideId "34107061"]
[WhiteElo "2163"]
[BlackElo "2543"]
[WhiteTeam "UKR"]
[WhiteClock "0:01:44"]
[BlackClock "0:01:15"]

1. d4 Nf6 2. c4 e5 3. dxe5 Ng4 4. e3 Nxe5 5. f4 Ng6 6. h4 h5 7. Nf3 Nc6 8. Bd3 Bb4+ 9. Bd2 Qf6 10. Nc3 d6 11. a3 Ba5 12. b4 Bb6 13. Nd5 Qd8 14. Bc3 O-O 15. Ng5 Bg4 16. Be2 f5 17. Bxg4 hxg4 18. h5 Re8 19. hxg6 Bxe3 20. Nf7 Bxf4+ 21. Kf1 1-0

[Event "November 21 Early 2023"]
[Site "https://www.chess.com"]
[Date "2023.11.21"]
[Round "4"]
[White "Redzisz, Michal"]
[Black "Djordjevic, Vuk"]
[Result "1/2-1/2"]
[Board "74"]
[TimeControl "180+1"]
[WhiteFideId "21816107"]
[BlackFideId "902098"]
[WhiteElo "2068"]
[BlackElo "2425"]
[WhiteTeam "POL"]
[BlackTeam "SRB"]
[WhiteClock "0:00:06"]
[BlackClock "0:00:10"]

1. Nf3 Nf6 2. d4 e6 3. c4 b6 4. Nc3 Bb7 5. g3 d5 6. Bg2 dxc4 7. Qa4+ Nbd7 8. Qxc4 a6 9. O-O b5 10. Qd3 c5 11. Bg5 Be7 12. Rad1 c4 13. Qc2 O-O 14. e4 b4 15. e5 bxc3 16. exf6 Bxf6 17. Bxf6 Nxf6 18. Qxc3 Rc8 19. Ne5 Bxg2 20. Kxg2 Qb6 21. Rc1 Qb7+ 22. Kg1 Ne4 23. Qf3 Qd5 24. Rxc4 f6 25. Rfc1 Rxc4 26. Nxc4 Qxd4 27. b3 Rd8 28. Kg2 Ng5 29. Qc6 e5 30. h4 Ne4 31. Rc2 h6 32. Qxa6 Qd3 33. Qe6+ Kh8 34. Rb2 Nc3 35. Qg4 Qd5+ 36. Qf3 Ne4 37. Ne3 Qa8 38. Nf5 Nc5 39. Qxa8 Rxa8 40. b4 Nd3 41. Rb3 e4 42. b5 Nc5 43. Rb2 Rb8 44. b6 Na4 45. Rb4 Nxb6 46. a4 g6 47. Ne7 Kg7 48. a5 Nd7 49. Rxb8 Nxb8 50. Nd5 Kf7 51. Nc7 Ke7 52. a6 Nc6 53. Nb5 Ke6 54. a7 Nxa7 55. Nxa7 Ke5 56. Nb5 f5 57. Nc7 g5 58. h5 f4 59. Nb5 Kf5 60. Nd4+ Kg4 61. Ne6 fxg3 62. fxg3 Kxh5 63. Nc5 e3 64. Kf3 e2 65. Kxe2 Kg4 66. Kf2 h5 67. Ne4 h4 68. Nf6+ Kf5 69. gxh4 gxh4 70. Nh5 h3 71. Kg3 h2 72. Kxh2 1/2-1/2

[Event "November 21 Early 2023"]
[Site "https://www.chess.com"]
[Date "2023.11.21"]
[Round "4"]
[White "Parligras, Mircea-Emilian"]
[Black "Guliev, Logman"]
[Result "1-0"]
[Board "75"]
[TimeControl "180+1"]
[WhiteFideId "1204297"]
[BlackFideId "13400061"]
[WhiteElo "2486"]
[BlackElo "2098"]
[WhiteTeam "ROU"]
[BlackTeam "AZE"]
[WhiteClock "0:01:14"]
[BlackClock "0:00:00"]

1. e4 c5 2. Nf3 d6 3. Bb5+ Bd7 4. Bxd7+ Qxd7 5. O-O Nc6 6. c3 Nf6 7. Re1 g6 8. d4 cxd4 9. cxd4 Bg7 10. Nc3 O-O 11. Bf4 Nh5 12. Bg5 Rac8 13. Qd2 Na5 14. b3 Nc6 15. Rac1 Rfe8 16. h3 e6 17. Bh6 Qe7 18. Bxg7 Kxg7 19. e5 dxe5 20. dxe5 Red8 21. Qe3 Kh8 22. Ne4 Nb4 23. g4 Nd5 24. Qh6 Nhf4 25. Rxc8 Rxc8 26. Nfg5 f5 27. exf6 1-0

[Event "November 21 Early 2023"]
[Site "https://www.chess.com"]
[Date "2023.11.21"]
[Round "4"]
[White "Shubenkova, Veronika"]
[Black "Samunenkov, Ihor"]
[Result "1-0"]
[Board "76"]
[TimeControl "180+1"]
[WhiteFideId "44124040"]
[BlackFideId "14187086"]
[WhiteElo "1967"]
[BlackElo "2473"]
[WhiteTeam "RUS"]
[BlackTeam "UKR"]
[WhiteClock "0:00:03"]
[BlackClock "0:00:00"]

1. e4 c6 2. d4 d5 3. Nc3 dxe4 4. Nxe4 Bf5 5. Ng3 Bg6 6. Nf3 e6 7. Ne5 Nd7 8. Nxg6 hxg6 9. c3 Ngf6 10. Bd3 Bd6 11. Ne4 Nxe4 12. Bxe4 Nf6 13. Bf3 Qb6 14. Qc2 O-O-O 15. Be3 Nd5 16. O-O-O Nxe3 17. fxe3 Bxh2 18. c4 Kb8 19. Kb1 Bg3 20. Rxh8 Rxh8 21. e4 Rd8 22. c5 Qc7 23. d5 cxd5 24. exd5 exd5 25. Rxd5 Rc8 26. Qb3 Bf2 27. a4 a6 28. Rd6 Bxc5 29. Rxa6 Rd8 30. Rc6 Qe7 31. Rxc5 Rd2 32. Rb5 Qe1+ 33. Ka2 1-0

[Event "November 21 Early 2023"]
[Site "https://www.chess.com"]
[Date "2023.11.21"]
[Round "4"]
[White "ChessRespected"]
[Black "Sokolovsky, Yahli"]
[Result "0-1"]
[Board "77"]
[TimeControl "180+1"]
[BlackFideId "2820242"]
[WhiteElo "2537"]
[BlackElo "2389"]
[BlackTeam "ISR"]
[WhiteClock "0:00:00"]
[BlackClock "0:00:08"]

1. d4 d6 2. e4 g6 3. Nc3 Bg7 4. Be2 Nf6 5. g4 h5 6. g5 Nh7 7. Be3 e5 8. Qd2 Nc6 9. Bb5 O-O 10. Bxc6 bxc6 11. dxe5 Bxe5 12. f4 Bg7 13. Bd4 f6 14. h4 fxg5 15. Bxg7 Kxg7 16. hxg5 Bg4 17. Nge2 Qe7 18. Rf1 Rf7 19. O-O-O Nf8 20. Rde1 Re8 21. Nd4 c5 22. f5 Qd7 23. f6+ Kh7 24. Nb3 Ne6 25. e5 c4 26. Nd4 dxe5 27. Nxe6 Qxe6 28. Re4 Bf5 29. Rh4 Rd7 30. Qh2 Kg8 31. a3 Rd4 32. Re1 Rxh4 33. Qxh4 e4 34. Qf4 Qe5 35. Qxe5 Rxe5 36. Nd1 Be6 37. Rg1 Bg4 38. Ne3 Rxg5 39. Nxc4 Kf7 40. Kd2 Kxf6 41. Ke3 Bf3 42. Rf1 h4 43. Nd2 Rf5 44. Rf2 h3 45. Rh2 Bg2 46. Nxe4+ Ke5 47. Nf2 Rf3+ 48. Ke2 Kf4 49. Nd3+ Kg3 50. Rxh3+ Bxh3 51. Ne1 Rf2+ 52. Ke3 Bf5 53. Nd3 Bxd3 54. cxd3 Rxb2 0-1

[Event "November 21 Early 2023"]
[Site "https://www.chess.com"]
[Date "2023.11.21"]
[Round "4"]
[White "Alinasab, Mobina"]
[Black "Borsuk, Konstantin"]
[Result "0-1"]
[Board "78"]
[TimeControl "180+1"]
[WhiteFideId "12528897"]
[BlackFideId "14113406"]
[WhiteElo "2052"]
[BlackElo "2410"]
[WhiteTeam "IRI"]
[BlackTeam "UKR"]
[WhiteClock "0:00:00"]
[BlackClock "0:00:35"]

1. Nf3 e6 2. g3 b6 3. Bg2 Bb7 4. O-O g6 5. b3 Bg7 6. d4 Nf6 7. Bb2 O-O 8. c4 d6 9. Nc3 Ne4 10. Qc2 Nxc3 11. Bxc3 f5 12. Rfd1 Be4 13. Qd2 Nd7 14. Ng5 Bh6 15. h4 Bxg2 16. Kxg2 Qe7 17. f4 Nf6 18. d5 Bxg5 19. hxg5 Ne4 20. Qd4 e5 21. fxe5 Nxc3 22. Qxc3 dxe5 23. Qe3 f4 24. gxf4 Rxf4 25. Qg3 Qd7 26. Kh2 Raf8 27. Rg1 Qf5 28. Rg2 Qe4 29. Rag1 Rh4+ 0-1

[Event "November 21 Early 2023"]
[Site "https://www.chess.com"]
[Date "2023.11.21"]
[Round "4"]
[White "Deng, Henry"]
[Black "Korchmar, Vasiliy"]
[Result "1-0"]
[Board "79"]
[TimeControl "180+1"]
[WhiteFideId "30965454"]
[BlackFideId "24131750"]
[WhiteElo "2534"]
[BlackElo "2372"]
[WhiteTeam "USA"]
[BlackTeam "RUS"]
[WhiteClock "0:00:21"]
[BlackClock "0:00:00"]

1. e4 c5 2. Nc3 d6 3. Bb5+ Bd7 4. Bxd7+ Nxd7 5. f4 Ngf6 6. Nf3 e6 7. O-O Be7 8. Qe2 O-O 9. d3 a6 10. e5 Ng4 11. h3 Nh6 12. g4 Kh8 13. Ne4 d5 14. Ng3 d4 15. Kh1 Nb6 16. f5 Ng8 17. Ne4 Nd5 18. Bd2 Qd7 19. Nfg5 Bxg5 20. Nxg5 Rae8 21. Qe4 exf5 22. gxf5 Ngf6 23. Qe2 Qc6 24. Kh2 Nd7 25. e6 N7f6 26. Qg2 fxe6 27. fxe6 h6 28. Nf7+ Kh7 29. Rg1 Qc7+ 30. Kh1 Rxf7 31. Qg6+ Kg8 32. exf7+ Qxf7 33. Bxh6 Nh5 34. Qxf7+ Kxf7 35. Bg5 Ne3 36. Bxe3 dxe3 37. Rae1 Nf4 38. Rgf1 g5 39. Rf3 e2 40. Kg1 Kg6 41. h4 Kf5 42. hxg5 Kxg5 43. Kf2 Kg4 44. Re3 Rh8 45. Rg1+ Kf5 46. Ke1 Rh2 47. Rf3 Ke5 48. Rg5+ Kf6 49. Rxf4+ Kxg5 50. Rf2 Rh1+ 51. Kxe2 Rb1 52. b3 Rb2 53. Kd2 Rxa2 54. Rf7 b5 55. Rc7 c4 56. dxc4 bxc4 57. Rxc4 Kf6 58. Kc1 Ke6 59. Rc5 Ra1+ 60. Kb2 Rg1 61. Rc6+ Kd7 62. Rxa6 Kc7 63. Ra4 Rg5 64. Rd4 Kb6 65. b4 Rh5 66. Kb3 Rh3+ 67. c3 Rh5 68. Rd6+ Kc7 69. Ra6 Rg5 70. Ka4 Kb7 71. Rf6 Rh5 72. b5 Rh4+ 73. Kb3 Rh1 74. c4 Rb1+ 75. Kc3 Rc1+ 76. Kb4 Rh1 77. Rf7+ Kb8 78. c5 Rh6 79. Ka5 Rg6 80. c6 Rg8 81. Kb6 Kc8 82. Ra7 1-0

[Event "November 21 Early 2023"]
[Site "https://www.chess.com"]
[Date "2023.11.21"]
[Round "4"]
[White "Ilkhomi, Jaloliddin"]
[Black "Baches Garcia, Guillermo"]
[Result "1-0"]
[Board "80"]
[TimeControl "180+1"]
[WhiteFideId "14700948"]
[BlackFideId "2209764"]
[WhiteElo "2054"]
[BlackElo "2534"]
[WhiteTeam "TJK"]
[BlackTeam "ESP"]
[WhiteClock "0:00:12"]
[BlackClock "0:00:08"]

1. Nf3 d5 2. d4 Nf6 3. Bf4 e6 4. e3 Bd6 5. Bg3 O-O 6. Nbd2 c5 7. c3 Qc7 8. Ne5 Nc6 9. f4 Ne7 10. Bh4 Nd7 11. Bxe7 Bxe7 12. Bd3 f5 13. O-O Nxe5 14. fxe5 b5 15. g4 g6 16. gxf5 exf5 17. Qf3 Be6 18. Rab1 b4 19. Kh1 bxc3 20. bxc3 Rab8 21. Qg2 Rb6 22. Nf3 Rfb8 23. Rxb6 Rxb6 24. Ng5 Bxg5 25. Qxg5 cxd4 26. cxd4 Qc3 27. Bxf5 Bxf5 28. Rxf5 Rb1+ 29. Kg2 Rb2+ 30. Kg3 Qe1+ 31. Kh3 Qe2 32. Qd8+ Kg7 33. Qf8# 1-0

[Event "November 21 Early 2023"]
[Site "https://www.chess.com"]
[Date "2023.11.21"]
[Round "4"]
[White "Zomorrodian, Eilia"]
[Black "Nazari, Arad"]
[Result "1-0"]
[Board "81"]
[TimeControl "180+1"]
[WhiteFideId "12551805"]
[BlackFideId "12577324"]
[WhiteElo "2109"]
[BlackElo "2100"]
[WhiteTeam "CAN"]
[BlackTeam "IRI"]
[WhiteClock "0:00:37"]
[BlackClock "0:00:00"]

1. e4 c5 2. Nf3 d6 3. Bb5+ Nd7 4. O-O a6 5. Bd3 Ngf6 6. c3 e6 7. Bc2 Be7 8. d4 O-O 9. Re1 e5 10. h3 b5 11. a4 Bb7 12. Na3 Qb6 13. d5 c4 14. Bg5 Rfe8 15. Nb1 Nc5 16. Nbd2 Qc7 17. a5 Bc8 18. Be3 Rb8 19. Nf1 Bd8 20. g4 h5 21. g5 Nfd7 22. Ng3 g6 23. Nh4 Nf8 24. Kh2 Qd7 25. Ngf5 gxf5 26. exf5 Nd3 27. Qxh5 Nxe1 28. Rxe1 f6 29. gxf6 Qh7 30. Rg1+ Kh8 31. Qxe8 1-0

[Event "November 21 Early 2023"]
[Site "https://www.chess.com"]
[Date "2023.11.21"]
[Round "4"]
[White "Do Nascimento,Christian Almeida"]
[Black "Tatarinov, Dmitry"]
[Result "0-1"]
[Board "82"]
[TimeControl "180+1"]
[WhiteFideId "2143801"]
[BlackFideId "24160067"]
[WhiteElo "2118"]
[BlackElo "2344"]
[WhiteTeam "BRA"]
[BlackTeam "RUS"]
[WhiteClock "0:01:12"]
[BlackClock "0:01:52"]

1. d4 Nf6 2. e3 e6 3. Bd3 d5 4. f4 c5 5. c3 Bd6 6. Nf3 O-O 7. Nbd2 b6 8. Qe2 Bb7 9. Ne5 Ne4 10. O-O f6 11. Nef3 Nd7 12. Ba6 Bxa6 13. Qxa6 Nxd2 14. Bxd2 Qc7 15. Qd3 c4 16. Qe2 f5 17. Ne5 Nf6 18. Be1 Ne4 19. Bh4 b5 20. Kh1 a5 21. g4 b4 22. cxb4 axb4 23. Rg1 Bxe5 24. dxe5 c3 25. gxf5 Rxf5 26. Rg2 b3 27. a3 c2 28. Rc1 Rf7 29. Qd3 Qc4 30. Qxc4 dxc4 31. Rgg1 Rd7 32. Be1 Rd1 33. Bb4 Nf2+ 34. Kg2 Rxg1+ 35. Kxg1 Nd3 36. Bd2 Nxc1 0-1

[Event "November 21 Early 2023"]
[Site "https://www.chess.com"]
[Date "2023.11.21"]
[Round "4"]
[White "Csonka, Balazs"]
[Black "Malyi, Viacheslav"]
[Result "0-1"]
[Board "83"]
[TimeControl "180+1"]
[WhiteFideId "742910"]
[BlackFideId "14123983"]
[WhiteElo "2399"]
[BlackElo "2291"]
[WhiteTeam "HUN"]
[BlackTeam "UKR"]
[WhiteClock "0:00:00"]
[BlackClock "0:00:22"]

1. d4 Nf6 2. c4 g6 3. Nc3 d6 4. e4 Bg7 5. Be2 O-O 6. Bg5 c5 7. d5 b5 8. cxb5 a6 9. a4 axb5 10. axb5 Rxa1 11. Qxa1 h6 12. Be3 e6 13. dxe6 Bxe6 14. Nf3 Re8 15. O-O d5 16. exd5 Nxd5 17. Bxc5 Qc8 18. Bd4 Nf4 19. Bxg7 Kxg7 20. Re1 Qb7 21. Bf1 Rd8 22. Ne4 Nd7 23. Nc5 Qb6 24. b4+ Kg8 25. Qd4 Nxc5 26. Qxf4 Nd3 27. Bxd3 Rxd3 28. Qxh6 Qxb5 29. Rxe6 fxe6 30. Qxg6+ Kf8 31. Qf6+ Kg8 32. h4 Qf5 33. Qe7 Rd1+ 34. Kh2 Qf4+ 35. g3 Qxf3 36. Qxe6+ Kg7 37. Qe7+ Kg8 38. Qe6+ Kf8 39. Qh6+ Ke7 40. Qg7+ Kd6 41. Qg6+ Kd5 42. Qg5+ Kd4 43. Qg7+ Kc4 44. Qc7+ Kb3 0-1

[Event "November 21 Early 2023"]
[Site "https://www.chess.com"]
[Date "2023.11.21"]
[Round "4"]
[White "brm72"]
[Black "Krzyzanowski, Marcin"]
[Result "1-0"]
[Board "84"]
[TimeControl "180+1"]
[BlackFideId "1132199"]
[WhiteElo "2528"]
[BlackElo "2471"]
[BlackTeam "POL"]
[WhiteClock "0:00:12"]
[BlackClock "0:00:00"]

1. e4 c6 2. Nf3 d5 3. Nc3 dxe4 4. Nxe4 Nf6 5. Qe2 Nxe4 6. Qxe4 Nd7 7. Bc4 Nf6 8. Ne5 e6 9. Qe2 b5 10. Bb3 Qc7 11. d4 Bd6 12. O-O O-O 13. Bf4 c5 14. c3 c4 15. Bc2 Nd5 16. Bg3 Bb7 17. Rfe1 Rae8 18. a4 f6 19. Bxh7+ Kxh7 20. Qh5+ Kg8 21. Ng6 Bxg3 22. hxg3 Kf7 23. axb5 Ba8 24. Re4 Nb6 25. Rg4 Rg8 26. Nf4+ Ke7 27. Re1 Kd7 28. Nxe6 Qd6 29. Qf7+ Kc8 30. Rxg7 Nd7 31. Rxg8 Rxg8 32. Qxg8+ Kb7 33. Qd8 Qb6 34. Qxd7+ 1-0

[Event "November 21 Early 2023"]
[Site "https://www.chess.com"]
[Date "2023.11.21"]
[Round "4"]
[White "Kanyamarala, Tarun"]
[Black "Begmuratov, Alisher"]
[Result "0-1"]
[Board "85"]
[TimeControl "180+1"]
[WhiteFideId "45004714"]
[BlackFideId "14203367"]
[WhiteElo "2318"]
[BlackElo "2387"]
[WhiteTeam "IRL"]
[BlackTeam "UZB"]
[WhiteClock "0:00:00"]
[BlackClock "0:00:13"]

1. e4 c6 2. Nc3 d5 3. Qf3 e6 4. d4 dxe4 5. Qxe4 Nf6 6. Qd3 Nbd7 7. Nf3 Bd6 8. Bg5 O-O 9. O-O-O b5 10. Kb1 a5 11. h4 b4 12. Ne4 Ba6 13. Qe3 Be7 14. Bxa6 Rxa6 15. Ned2 Nd5 16. Qe2 Ra8 17. Nc4 N7b6 18. Nfe5 Nxc4 19. Qxc4 Bxg5 20. hxg5 Qxg5 21. g3 a4 22. Qd3 g6 23. f4 Qf5 24. Nxc6 a3 25. Qxf5 exf5 26. Rd3 axb2 27. Kxb2 Rfc8 28. Ne5 Nc3 29. Ra1 Ra3 30. d5 Na4+ 31. Kb1 Rxd3 32. cxd3 Nc3+ 33. Kb2 Nxd5 34. Rc1 Rxc1 35. Kxc1 f6 36. Nf3 h6 37. Nh4 Kf7 38. Kc2 Ne7 39. Kb3 g5 40. Nf3 Nd5 41. Kc4 Nc3 42. Kxb4 Nxa2+ 43. Kc4 Nc1 44. Nd4 Kg6 45. Kc3 h5 46. Kc2 Na2 47. Kb3 Nc1+ 48. Kc2 gxf4 49. gxf4 Na2 50. Kb3 h4 51. Kxa2 h3 52. Nf3 Kh5 53. d4 Kg4 54. d5 Kxf3 55. d6 h2 56. d7 h1=Q 57. d8=Q Qg2+ 58. Kb3 Kxf4 59. Qxf6 Qf3+ 60. Ka2 Qe2+ 61. Ka3 Qe3+ 62. Ka2 Qe4 63. Qh4+ Kf3 64. Qh1+ Ke2 65. Qh2+ Kd3 66. Qd6+ Kc3 67. Qf6+ Kd2 68. Qg5+ Kd1 69. Qg1+ Qe1 0-1

[Event "November 21 Early 2023"]
[Site "https://www.chess.com"]
[Date "2023.11.21"]
[Round "4"]
[White "Luukkonen, Tommi"]
[Black "Komov, Roman"]
[Result "0-1"]
[Board "86"]
[TimeControl "180+1"]
[WhiteFideId "501808"]
[BlackFideId "24175714"]
[WhiteElo "2219"]
[BlackElo "2189"]
[WhiteTeam "FIN"]
[BlackTeam "RUS"]
[WhiteClock "0:00:41"]
[BlackClock "0:01:18"]

1. e4 c5 2. d4 cxd4 3. Qxd4 Nc6 4. Qd3 e6 5. Nc3 a6 6. Qg3 Nf6 7. e5 Nh5 8. Qf3 g6 9. g4 Ng7 10. Bf4 h5 11. Ne4 hxg4 12. Qxg4 Be7 13. O-O-O Rh4 14. Qf3 Qa5 15. Kb1 Nxe5 16. Qg3 Nf5 17. Bd2 Nxg3 18. hxg3 Rxh1 19. Bxa5 Rxg1 20. Bb6 Nf3 21. Kc1 f5 22. Nc3 Bg5+ 23. Be3 Bxe3+ 24. fxe3 Nh2 0-1

[Event "November 21 Early 2023"]
[Site "https://www.chess.com"]
[Date "2023.11.21"]
[Round "4"]
[White "Orujov2008"]
[Black "Kochiev, Ivan"]
[Result "1-0"]
[Board "87"]
[TimeControl "180+1"]
[BlackFideId "2917890"]
[WhiteElo "2725"]
[BlackElo "2285"]
[BlackTeam "BUL"]
[WhiteClock "0:01:40"]
[BlackClock "0:00:12"]

1. e4 c5 2. Nf3 d6 3. d4 cxd4 4. Nxd4 Nf6 5. Nc3 Nc6 6. Bg5 e6 7. Qd2 a6 8. f4 Be7 9. O-O-O Bd7 10. Nf3 Qc7 11. e5 dxe5 12. Nxe5 Nxe5 13. fxe5 Nd5 14. Bxe7 Nxe7 15. Ne4 Bc6 16. Nd6+ Kf8 17. Bd3 Nc8 18. Nxc8 Rxc8 19. Rhe1 h6 20. Rf1 Qxe5 21. Bg6 f6 22. Kb1 Ke7 23. Qb4+ 1-0

[Event "November 21 Early 2023"]
[Site "https://www.chess.com"]
[Date "2023.11.21"]
[Round "4"]
[White "Nikologorsky, Matfei"]
[Black "De Silva, L M S T"]
[Result "0-1"]
[Board "88"]
[TimeControl "180+1"]
[WhiteFideId "24102474"]
[BlackFideId "9953698"]
[WhiteElo "2153"]
[BlackElo "2372"]
[WhiteTeam "FID"]
[BlackTeam "SRI"]
[WhiteClock "0:00:14"]
[BlackClock "0:01:19"]

1. e4 g6 2. d4 Bg7 3. Nc3 d6 4. h4 h6 5. Be2 Nd7 6. g4 a6 7. f4 b5 8. Nf3 Bb7 9. a3 Ngf6 10. e5 Nxg4 11. h5 dxe5 12. fxe5 c5 13. hxg6 fxg6 14. Rg1 h5 15. Qd3 Nf8 16. dxc5 Qxd3 17. cxd3 Nxe5 18. Nxe5 Bxe5 19. Bg5 h4 20. Ne4 h3 21. O-O-O Ne6 22. Be3 Bf4 23. Kd2 Bxe4 24. dxe4 O-O-O+ 25. Bd3 Nxc5 26. Bxf4 Nxd3 27. Ke3 Nxf4 28. Kxf4 Rxd1 29. Rxd1 h2 30. Rh1 Rh5 31. b4 Kd7 32. Kg4 Ke6 33. Kf4 Kf6 34. Kg4 Ke5 35. Kf3 Rh4 36. Kg3 g5 37. Kf3 Kd4 38. Kg3 Kxe4 39. Kg2 Kd4 40. Rd1+ Kc4 41. Kh1 Rh3 42. Re1 Rxa3 43. Kxh2 Kxb4 44. Rxe7 0-1

[Event "November 21 Early 2023"]
[Site "https://www.chess.com"]
[Date "2023.11.21"]
[Round "4"]
[White "Pourramezanali, Amirreza"]
[Black "Sreyas Payyappat"]
[Result "1-0"]
[Board "89"]
[TimeControl "180+1"]
[WhiteFideId "12511412"]
[BlackFideId "46674969"]
[WhiteElo "2302"]
[BlackElo "2043"]
[WhiteTeam "IRI"]
[BlackTeam "IND"]
[WhiteClock "0:00:54"]
[BlackClock "0:00:03"]

1. e4 c6 2. d4 d5 3. f3 Qb6 4. Nc3 dxe4 5. Bc4 e5 6. dxe5 Bc5 7. Kf1 Nd7 8. Nxe4 Nxe5 9. Bb3 Be6 10. Nxc5 Qxc5 11. Qe2 O-O-O 12. Be3 Qa5 13. Bxe6+ fxe6 14. Bf4 Rd5 15. c4 Rc5 16. b4 Qxb4 17. Bxe5 Nf6 18. Bd6 Rd8 19. Bxc5 Qxc5 20. Nh3 e5 21. Nf2 Qd4 22. Rd1 Qc3 23. Rxd8+ Kxd8 24. g3 Nd7 25. Kg2 1-0

[Event "November 21 Early 2023"]
[Site "https://www.chess.com"]
[Date "2023.11.21"]
[Round "4"]
[White "Kassimov, Baurzhan"]
[Black "Mohammad Fahad, Rahman"]
[Result "0-1"]
[Board "90"]
[TimeControl "180+1"]
[WhiteFideId "13704800"]
[BlackFideId "10207791"]
[WhiteElo "2220"]
[BlackElo "2339"]
[WhiteTeam "KAZ"]
[BlackTeam "BAN"]
[WhiteClock "0:00:00"]
[BlackClock "0:00:08"]

1. c4 g6 2. Nc3 Bg7 3. g3 Nf6 4. Bg2 O-O 5. Nf3 d6 6. O-O e5 7. d3 Nc6 8. Bg5 h6 9. Bxf6 Qxf6 10. Rb1 a5 11. a3 Re8 12. b4 axb4 13. axb4 Qd8 14. b5 Nd4 15. e3 Ne6 16. Nd2 Kh7 17. Nd5 Nc5 18. Nb3 Na4 19. Qd2 Be6 20. Nb4 Qc8 21. Rfc1 f5 22. Ra1 e4 23. d4 c5 24. Nd5 Bxd5 25. cxd5 Qd7 26. Bf1 Rec8 27. Ra2 cxd4 28. Rxc8 dxe3 29. Qb4 exf2+ 30. Kxf2 Qxc8 31. Rxa4 Qc2+ 32. Be2 Bc3 33. Qc4 Rc8 34. Qxc8 Be1+ 35. Kxe1 Qxc8 36. Rc4 Qd7 37. Nd4 g5 38. Ne6 Qe8 39. Rc7+ Kh8 40. Rxb7 Qa8 41. Rc7 e3 0-1

[Event "November 21 Early 2023"]
[Site "https://www.chess.com"]
[Date "2023.11.21"]
[Round "4"]
[White "Timerkhanov, Alexander"]
[Black "Ahn, Hongjin"]
[Result "1-0"]
[Board "91"]
[TimeControl "180+1"]
[WhiteFideId "24177938"]
[BlackFideId "13201492"]
[WhiteElo "2278"]
[BlackElo "2182"]
[WhiteTeam "RUS"]
[BlackTeam "KOR"]
[WhiteClock "0:01:56"]
[BlackClock "0:00:05"]

1. d4 d6 2. e4 Nf6 3. Nc3 Nc6 4. Bg5 h6 5. Bxf6 exf6 6. Nf3 g6 7. h3 Bg7 8. Bc4 O-O 9. O-O f5 10. Re1 fxe4 11. Rxe4 Na5 12. Bd3 d5 13. Re1 b6 14. Ne2 c5 15. c3 Nc6 16. h4 Bg4 17. dxc5 bxc5 18. Nf4 Rb8 19. h5 Rxb2 20. hxg6 fxg6 21. Nxg6 Bxf3 22. gxf3 Qg5+ 23. Kf1 Rd2 24. f4 Rxd1 25. fxg5 Rxd3 26. Nxf8 Kxf8 27. Rad1 Rxd1 28. Rxd1 d4 29. gxh6 Bxh6 30. cxd4 Nxd4 31. Rd3 Kf7 32. Ra3 Ke6 33. Ra6+ Kd5 34. Rxh6 c4 35. Rh3 a5 36. Ke1 Nc2+ 37. Kd2 Nb4 38. a3 Nc6 39. Kc3 Kd6 40. Kxc4 1-0

[Event "November 21 Early 2023"]
[Site "https://www.chess.com"]
[Date "2023.11.21"]
[Round "4"]
[White "Swicarz, Maciej"]
[Black "reevecanada"]
[Result "0-1"]
[Board "92"]
[TimeControl "180+1"]
[WhiteFideId "1113585"]
[WhiteElo "2127"]
[BlackElo "2696"]
[WhiteTeam "POL"]
[WhiteClock "0:00:00"]
[BlackClock "0:00:12"]

1. c4 c6 2. Nf3 Nf6 3. d4 d5 4. Qb3 dxc4 5. Qxc4 b5 6. Qc2 Bb7 7. Bg5 h6 8. Bxf6 exf6 9. Nbd2 a5 10. e3 Nd7 11. Bd3 Qb6 12. Bf5 c5 13. Bxd7+ Kxd7 14. O-O cxd4 15. Nxd4 Bc5 16. N2b3 Bxd4 17. Nxd4 Rhc8 18. Qf5+ Ke7 19. Qxb5 Qxb5 20. Nxb5 Ba6 21. a4 Rab8 22. Rfb1 Bxb5 23. axb5 Rxb5 24. Ra2 Rc4 25. Rba1 a4 26. Rxa4 Rxa4 27. Rxa4 Rxb2 28. g3 f5 29. h4 g6 30. Ra7+ Kf6 31. Ra6+ Ke5 32. h5 Ke4 33. Kg2 f4 34. gxf4 Kf5 35. Kf3 Rb3 36. Ra7 Kf6 37. Kg4 Rb2 38. Kg3 gxh5 39. Ra6+ Kg7 40. Ra1 Kg6 41. Kf3 h4 42. Rg1+ Kh5 43. f5 h3 44. Kg3 Kg5 45. e4 h5 46. f3 h2 47. Rh1 h4+ 48. Kh3 Rf2 49. Rxh2 Rxf3+ 50. Kg2 Re3 51. Kf2 Rxe4 52. f6 Kxf6 53. Kf3 Ra4 54. Rh1 Kg5 55. Rg1+ Kf5 56. Rg8 f6 57. Rh8 Rf4+ 58. Kg2 Kg4 59. Rg8+ Kf5 60. Rh8 Rg4+ 61. Kh3 Rf4 62. Ra8 Ke4 63. Ra4+ Ke5 64. Ra5+ Ke6 65. Ra6+ Kf7 66. Ra7+ Kg6 67. Ra8 Rd4 68. Rg8+ Kf7 69. Ra8 f5 70. Ra6 Kg7 71. Rb6 Rg4 72. Ra6 Rg6 73. Ra7+ Kf6 74. Kxh4 f4 75. Ra5 Ke6 76. Kh3 f3 77. Ra3 Rf6 78. Kg3 f2 0-1